Map: Deathaura LE

Players

Khaosgrenade - Winner!

  • Race: Zerg Zerg
  • League: Diamond
  • Spawn Location: 11:00

Undetected

  • Race: Terran Terran
  • League: Diamond
  • Spawn Location: 5:00

VOD

Have the link to the VOD?

Description

Time

  • Played on: June 28, 2020, 12:43 a.m.
  • Length: 23:32
Show
View Real Time Build Order
Export as new Build Order

Khaosgrenade Zerg - Winner!

Build Orders: Hatch First 

Get SALT Encoding   

  12  0:00  Drone  
  13  0:13  Overlord  
  13  0:17  Drone  
  14  0:31  Drone x2  
  14  0:35  Drone  
  17  0:53  Hatchery  
  17  0:56  Drone  
  17  0:59  Drone  
  18  1:10  Extractor  
  17  1:15  Spawning Pool  
  17  1:18  Drone  
  17  1:21  Drone  
  18  1:28  Drone  
  19  1:39  Overlord  
  19  2:02  Queen  
  19  2:03  Zergling x4  
  19  2:06  Queen  
  19  2:07  Drone  
  26  2:11  Metabolic Boost  
  26  2:12  Drone  
  27  2:17  Drone  
  28  2:24  Drone  
  28  2:27  Drone  
  30  2:42  Spore Crawler  
  29  2:51  Drone x4  
  33  2:56  Hatchery  
  31  3:03  Overlord  
  31  3:04  Drone  
  31  3:05  Drone  
  33  3:11  Drone x2  
  33  3:12  Overlord  
  35  3:21  Drone  
  35  3:22  Drone x2  
  35  3:25  Pneumatized Carapace  
  38  3:32  Drone  
  38  3:33  Drone  
  40  3:39  Queen  
  40  3:41  Drone x4  
  44  3:46  Zergling x2  
  47  3:52  Zergling x2  
  47  3:53  Zergling x2  
  49  4:07  Overlord  
  49  4:09  Zergling x4  
  51  4:19  Queen  
  51  4:21  Lair, Queen  
  51  4:23  Zergling x2  
  51  4:24  Zergling x2  
  57  4:36  Zergling x16  
  65  4:41  Baneling Nest  
  65  4:44  Zergling x2, Extractor  
  65  4:45  Zergling x2  
  65  4:46  Overlord  
  65  5:09  Spore Crawler  
  61  5:17  Spore Crawler  
  55  5:29  Drone x11  
  66  5:36  Drone x3  
  66  5:37  Drone x3  
  66  5:38  Queen  
  71  5:51  Overlord x2  
  71  5:52  Queen  
  71  5:55  Drone  
  71  5:56  Overlord, Drone, Extractor  
  74  5:59  Baneling  
  74  6:00  Baneling x14  
  74  6:02  Overlord  
  74  6:03  Overlord  
  76  6:24  Drone x8  
  84  6:29  Extractor  
  84  6:30  Extractor x2  
  84  6:31  Queen  
  83  6:33  Hatchery  
  83  6:35  Drone x6  
  83  6:37  Drone  
  83  6:38  Drone  
  88  6:42  Drone x2  
  88  6:46  Zergling x8  
  94  6:55  Drone x2  
  96  7:02  Zergling x6  
  96  7:08  Infestation Pit, Spire  
  88  7:16  Drone  
  88  7:22  Queen x3  
  95  7:35  Zergling x2  
  95  7:36  Zergling x28  
  110  7:38  Baneling  
  110  7:39  Baneling x10  
  110  7:43  Evolution Chamber  
  110  7:44  Centrifical Hooks  
  109  7:48  Evolution Chamber  
  108  7:54  Zergling x6  
  108  7:55  Overlord  
  108  7:56  Overlord  
  108  7:57  Overlord  
  111  8:11  Overlord x5  
  111  8:16  Zergling x12  
  117  8:20  Zerg Ground Armor Level 1  
  117  8:31  Zergling x20  
  117  8:33  Zergling x2  
  127  9:01  Zergling x32  
  143  9:06  Queen x4  
  113  9:38  Drone x9  
  113  9:39  Drone x6  
  127  9:54  Hive  
  127  9:57  Extractor  
  127  9:59  Extractor  
  125  10:01  Hatchery  
  125  10:05  Hatchery  
  107  10:16  Zergling x2  
  107  10:17  Zergling x34  
  107  10:19  Zerg Melee Weapons Level 1, Zerg Ground Armor Level 2  
  125  10:26  Baneling x6  
  125  10:27  Baneling x10  
  125  10:44  Spore Crawler x2, Drone  
  125  10:45  Drone x4  
  125  10:46  Overlord x7  
  128  10:56  Zergling x10  
  133  11:09  Zergling x16  
  141  11:12  Baneling x8  
  135  11:30  Zergling x2  
  135  11:31  Zergling x20  
  141  11:37  Zergling x4  
  133  11:40  Ultralisk Cavern  
  133  11:43  Baneling x13  
  132  11:49  Zergling x10  
  114  12:15  Zergling x32  
  116  12:18  Baneling x9  
  120  12:26  Zergling x20  
  129  12:38  Zergling x2, Ultralisk x5  
  157  12:49  Baneling x2  
  137  13:01  Zergling x20  
  137  13:02  Zergling x12, Extractor  
  137  13:03  Extractor  
  144  13:06  Queen  
  146  13:14  Baneling  
  146  13:15  Zergling x6, Baneling x10  
  146  13:16  Zergling x2  
  150  13:20  Extractor  
  150  13:21  Zerg Melee Weapons Level 2  
  150  13:23  Chitinous Plating  
  133  13:55  Zergling x44  
  142  14:08  Drone x12  
  154  14:19  Zergling x20, Ultralisk  
  154  14:22  Baneling x7  
  170  14:30  Drone  
  171  14:31  Adrenal Glands  
  140  15:09  Baneling x22  
  140  15:10  Zergling x60  
  170  15:16  Zerg Ground Armor Level 3  
  170  15:33  Zergling x4  
  170  15:34  Zergling x8  
  176  15:36  Hatchery  
  175  15:51  Hatchery  
  174  16:02  Overlord, Corruptor x2  
  174  16:03  Corruptor x6  
  187  16:19  Zerg Melee Weapons Level 3  
  187  16:37  Unknown  
  186  16:40  Unknown  
  127  17:26  Zergling x42  
  127  17:27  Drone x9  
  127  17:28  Drone x8  
  165  17:32  Unknown  
  164  17:48  Baneling x22  
  164  17:56  Zergling x2  
  164  17:57  Zergling x64  
  185  17:59  Baneling x6  
  185  18:00  Queen x4  
  185  18:04  Greater Spire  
  191  18:07  Baneling x8  
  187  18:27  Zergling x30  
  194  19:16  Extractor  
  177  19:17  Extractor  
  165  19:30  Zergling x2  
  165  19:31  Zergling x48  
  156  19:37  Baneling x8  
  157  19:41  Zergling x8  
  157  19:42  Zergling x18  
  170  20:14  Corruptor x9  
  170  20:21  Baneling x9  
  188  20:22  Baneling x9  
  167  21:01  Zergling x14, Hatchery, Ultralisk x4  
  167  21:02  Ultralisk  
  195  21:19  Baneling x2  
  195  21:20  Baneling x6  
  179  21:47  Zergling x38  
  179  21:48  Zergling x2  
  191  22:17  Baneling x6  
  169  22:33  Zergling x4, Ultralisk x5  
  169  22:34  Zergling x2  
  192  22:39  Brood Lord x4  
  195  23:04  Overlord x5  
  195  23:05  Overlord x2  
Show
View Real Time Build Order
Export as new Build Order

Undetected Terran 

Build Orders: Liberator Opening, Reaper Expand 

Get SALT Encoding   

  12  0:01  SCV  
  13  0:13  SCV  
  14  0:17  Supply Depot  
  14  0:25  SCV  
  15  0:39  SCV  
  15  0:40  Barracks  
  16  0:47  Refinery  
  16  0:51  SCV  
  17  1:03  SCV  
  18  1:15  SCV  
  19  1:28  Orbital Command  
  19  1:30  Reaper  
  20  1:44  Command Center  
  20  1:52  Supply Depot  
  20  1:55  SCV  
  21  2:02  Marine  
  21  2:08  SCV, Refinery  
  23  2:17  Factory  
  23  2:23  SCV  
  23  2:25  Barracks Reactor  
  24  2:35  SCV  
  25  2:47  SCV  
  26  2:59  SCV  
  26  3:02  Orbital Command  
  26  3:04  Starport  
  27  3:11  SCV  
  28  3:14  Barracks Tech Lab  
  28  3:20  Hellion x2  
  28  3:23  SCV  
  34  3:34  SCV  
  34  3:39  Marine  
  35  3:41  Supply Depot, Liberator  
  35  3:45  Hellion x2  
  42  3:49  SCV x2  
  42  3:52  Stimpack  
  44  4:01  SCV  
  44  4:02  SCV  
  46  4:07  Supply Depot, Hellion  
  46  4:08  Hellion  
  50  4:19  Command Center  
  50  4:20  SCV x2  
  52  4:32  SCV  
  52  4:33  SCV  
  52  4:34  Starport Reactor  
  54  4:47  Factory Tech Lab  
  54  4:48  SCV x2  
  54  4:49  Barracks  
  54  4:51  Barracks  
  56  4:59  Engineering Bay  
  56  5:00  SCV  
  56  5:02  Engineering Bay  
  56  5:05  SCV  
  58  5:09  Marine  
  58  5:12  SCV  
  60  5:17  SCV  
  61  5:25  SCV  
  61  5:27  Refinery  
  49  5:30  SCV, Refinery  
  49  5:31  Siege Tank  
  49  5:34  Combat Shield  
  49  5:35  Marine  
  54  5:37  SCV  
  54  5:42  SCV, Starport Reactor  
  53  5:49  Terran Infantry Weapons Level 1, Terran Infantry Armor Level 1  
  53  5:56  Marine  
  54  5:59  Marine x2  
  54  6:01  SCV  
  54  6:02  SCV  
  58  6:06  Armory  
  58  6:14  Siege Tank  
  58  6:15  Supply Depot, Marine  
  58  6:17  Marine x2  
  58  6:18  Marine x2  
  66  6:19  Medivac  
  66  6:22  Medivac  
  66  6:24  SCV, Orbital Command  
  71  6:27  SCV  
  72  6:37  SCV  
  72  6:39  SCV, Marine x3, Factory  
  76  6:40  Marine x2  
  76  6:43  Barracks  
  76  6:44  Barracks  
  79  6:51  SCV  
  79  6:52  SCV  
  81  6:54  Medivac  
  81  6:55  Medivac  
  85  7:07  Bunker  
  85  7:12  Siege Tank  
  84  7:15  SCV  
  84  7:22  Supply Depot x2  
  85  7:24  Supply Depot, Factory Tech Lab  
  85  7:26  Supply Depot, Refinery  
  85  7:28  Refinery  
  85  7:33  Barracks Reactor  
  85  7:35  Barracks Reactor  
  85  7:43  Marine x2  
  85  7:44  SCV x2, Marine x3  
  92  7:46  Supply Depot  
  92  7:49  Concussive Shells  
  92  7:50  Terran Infantry Weapons Level 2  
  92  7:56  SCV  
  92  7:57  SCV  
  94  8:01  Marine x3  
  97  8:08  SCV  
  98  8:19  Marine x4  
  101  8:20  Marine x2  
  101  8:21  Marine x2  
  101  8:22  Marine  
  101  8:23  Siege Tank x2  
  101  8:25  SCV x2  
  115  8:42  Marine x7  
  115  8:43  Marine  
  115  8:45  Medivac, Supply Depot  
  125  8:49  Supply Depot  
  125  8:50  Command Center  
  125  8:52  Supply Depot  
  125  8:53  Supply Depot, Refinery x2  
  125  8:56  Supply Depot  
  125  9:07  SCV x2, Medivac  
  129  9:12  Marine x4  
  129  9:13  Marine x5  
  129  9:14  Siege Tank x2  
  144  9:20  Supply Depot  
  116  9:38  SCV x2  
  101  9:39  Marine x8  
  101  9:40  Marine  
  101  9:41  Medivac x2  
  114  9:50  SCV x2  
  115  10:02  SCV  
  113  10:14  SCV  
  113  10:15  SCV  
  115  10:21  Terran Infantry Weapons Level 3, Terran Infantry Armor Level 2  
  115  10:26  SCV  
  115  10:27  SCV, Marine x2  
  115  10:28  Marine x6  
  122  10:29  Marine  
  122  10:30  Medivac x2, Siege Tank x2  
  136  10:38  SCV  
  136  10:39  SCV  
  138  10:53  Supply Depot, Bunker  
  138  10:54  Marine x6  
  138  10:55  Marine x3  
  147  10:57  SCV x2  
  147  11:00  Medivac x2  
  153  11:07  Supply Depot, Command Center  
  153  11:18  Supply Depot  
  153  11:23  Marine x7  
  153  11:24  Supply Depot, Marine, Siege Tank  
  153  11:25  Siege Tank  
  156  11:44  Supply Depot  
  156  11:48  Marine x6  
  156  11:49  Refinery, Marine x2  
  156  11:51  Medivac  
  156  11:52  Medivac  
  168  11:56  Siege Tank  
  168  11:57  Siege Tank  
  168  11:58  Marine  
  175  12:06  Marine x5  
  149  12:16  SCV  
  149  12:17  SCV  
  151  12:28  Marine x3  
  151  12:29  SCV x2, Marine x6  
  157  12:30  Medivac x2, Siege Tank x2  
  161  12:41  SCV x2  
  158  12:46  Marine  
  158  12:50  Marine x4  
  158  12:51  Marine x4  
  157  13:00  Medivac x2  
  157  13:02  Siege Tank x2  
  157  13:04  Marine  
  154  13:08  Marine x5  
  157  13:16  SCV x2  
  159  13:28  SCV x2  
  159  13:30  Medivac x2  
  165  13:34  Siege Tank x2  
  165  13:40  Command Center  
  171  13:42  Refinery  
  171  13:44  Refinery  
  164  13:52  Marine x3  
  164  13:53  Marine x5  
  138  14:06  Marauder  
  138  14:07  Siege Tank x2  
  146  14:18  Marine x6  
  146  14:19  Marine  
  153  14:28  Marauder  
  155  14:31  Liberator x2  
  161  14:39  Siege Tank x2  
  167  14:49  Marauder  
  148  15:01  Marine x3  
  148  15:02  Marine x4  
  148  15:03  Marine  
  140  15:10  Marauder  
  140  15:11  SCV x2, Siege Tank  
  140  15:12  Siege Tank  
  146  15:14  Terran Infantry Armor Level 3  
  146  15:19  Planetary Fortress  
  146  15:22  Marine  
  146  15:23  SCV x2  
  149  15:32  Marauder  
  149  15:35  SCV x2  
  153  15:40  Planetary Fortress  
  153  15:44  Siege Tank x2  
  153  15:47  SCV, Marine x2  
  153  15:48  Marine x5  
  153  15:49  Marine  
  168  15:53  Marauder, Liberator x2  
  176  16:09  SCV x2  
  178  16:15  Marauder  
  178  16:16  Siege Tank x2  
  178  16:17  Ghost Academy  
  186  16:18  Barracks  
  186  16:23  SCV  
  186  16:24  SCV  
  188  16:26  Refinery  
  188  16:29  Refinery  
  188  16:32  Command Center  
  188  16:33  Command Center  
  188  16:35  Liberator  
  188  16:36  Marauder, Liberator  
  196  16:48  Siege Tank  
  196  16:50  Barracks  
  196  16:52  Marine  
  157  17:13  Marine x4  
  157  17:14  Marine x4  
  144  17:16  Widow Mine  
  144  17:18  Liberator  
  144  17:20  Siege Tank  
  138  17:37  Siege Tank  
  138  17:40  Marine x6  
  138  17:41  Marine x2  
  138  17:42  Marauder  
  140  17:44  Barracks Tech Lab  
  140  17:45  Barracks Tech Lab  
  140  17:50  Barracks  
  136  17:51  Barracks  
  136  17:52  Siege Tank  
  136  18:01  Marine  
  136  18:02  Marine x7  
  136  18:03  Marine  
  136  18:04  Orbital Command  
  136  18:05  Orbital Command  
  145  18:09  Siege Tank  
  145  18:10  SCV x2  
  150  18:19  Marine  
  148  18:24  Missile Turret, Siege Tank  
  148  18:26  Missile Turret  
  151  18:32  SCV x3  
  154  18:41  Siege Tank  
  157  18:43  Orbital Command, Starport  
  157  18:52  Starport  
  157  18:54  Command Center  
  157  18:56  Siege Tank  
  157  18:57  Command Center, Starport  
  157  18:58  Command Center, Marine x6  
  157  18:59  Marine x2  
  172  19:03  Barracks Tech Lab x2  
  172  19:06  SCV x2  
  169  19:20  Marine x7  
  169  19:21  Marine x2  
  169  19:22  Siege Tank  
  176  19:28  Siege Tank  
  176  19:29  Unknown  
  176  19:30  Unknown  
  137  19:38  SCV x3  
  135  19:42  Unknown  
  135  19:44  Orbital Command  
  135  19:45  Unknown, Missile Turret  
  138  19:46  Missile Turret  
  138  19:47  Starport Reactor x2, Missile Turret  
  138  19:49  Starport Reactor  
  138  19:54  Siege Tank  
  145  20:00  Siege Tank  
  145  20:06  SCV x2  
  146  20:07  Unknown  
  146  20:12  SCV  
  149  20:16  Marine  
  149  20:17  Marine x3  
  149  20:18  SCV, Marine x4  
  158  20:21  Viking  
  158  20:22  Viking  
  158  20:24  Unknown x3  
  158  20:25  SCV x2, Unknown  
  172  20:36  Unknown  
  172  20:43  SCV x2  
  172  20:44  SCV  
  172  20:47  Marine x4  
  179  20:52  Orbital Command  
  179  20:56  Unknown  
  160  20:57  Unknown x2  
  160  20:58  Unknown  
  160  20:59  Marine x7  
  160  21:01  Marauder x2  
  160  21:02  Siege Tank x2  
  160  21:03  Viking x6  
  160  21:04  Viking  
  166  21:07  SCV  
  166  21:08  SCV x2  
  168  21:18  Marauder x3  
  174  21:19  SCV, Unknown  
  174  21:20  SCV x2  
  174  21:25  Unknown  
  173  21:30  Marine x5  
  173  21:31  Marine x3  
  173  21:32  SCV x3  
  178  21:33  Viking x2  
  178  21:34  Viking  
  162  21:47  SCV  
  162  21:48  Marine  
  162  21:51  Unknown x2  
  143  22:01  Siege Tank x2  
  133  22:07  Unknown x3  
  117  22:41  Marine x6  
  94  23:03  Marine x6  
  93  23:11  Unknown x5, Marine x2  
  96  23:17  SCV x2  
Tags
 
Add a new tag
Caveats
  • Supply blocks, unpowered buildings, or Contaminate may cause inaccurate times.
  • Supply counts are checked every 10 seconds.